 Dungeon Crawl Stone Soup version 0.32-a0-35-gd9ff480968 (webtiles) character file.

Game seed: 11028580672918491375

72002 cforsyth the Warrior (level 15, -1/129 HPs)
             Began as a Djinni Enchanter on Jan 22, 2024.
             Was the Champion of Zin.
             Shot with a bolt by a kobold blastminer (9 damage)
             ... on level 1 of the Orcish Mines on Jan 23, 2024.
             The game lasted 01:22:20 (38327 turns).

cforsyth the Warrior (Djinni Enchanter)            Turns: 38327, Time: 01:22:21

Health: -1/129     AC: 15    Str: 12    XL:     15   Next: 84%
Gold:   1482       EV: 11    Int: 26    God:    Zin [******] SH:  5 Dex: 15

rFire   + + +        x - +10 sling of the Illusory Realms {heavy, Will+ Str+5 Int+3 Stlth-}
rCold   . . .        (no shield)
rNeg    + . .        k - +3 ring mail
rPois   ∞            (no helmet)
rElec   .            V - scarf {rC+ rF+}
rCorr   .            Q - +2 pair of gloves
SInv    .            (boots unavailable)
Will    ++...        N - amulet of reflection Stlth
                     j - ring of positive energy
HPRegen 0.41/turn    U - +4 ring of protection
MPRegen 0.00/turn

%: reflection, infuse magic (-2 HP)
@: flying
A: sickness immunity, fire resistance 2, cold vulnerability 1, float, innate
caster, HP casting, extra vitality 1
a: Renounce Religion, Recite, Vitalisation, Imprison, Sanctuary, Donate Gold


You were on level 1 of the Orcish Mines.
You worshipped Zin.
Zin was exalted by your worship.
You visited 4 branches of the dungeon, and saw 19 of its levels.
You also visited: Sewer, Ossuary and Gauntlet.

You collected 1646 gold pieces.
You donated 164 gold pieces to Zin.

Inventory:

Hand Weapons
 a - a +1 dagger
 i - a +0 short sword of freezing
 x - the +10 sling of the Illusory Realms (weapon) {heavy, Will+ Str+5 Int+3 Stlth-}
   (You found it on level 5 of the Dungeon)

   Str+5:     It affects your strength (+5).
   Int+3:     It affects your intelligence (+3).
   Will+:     It increases your willpower.
   Stlth-:    It makes you less stealthy.
 R - a +3 dagger of electrocution
Armour
 k - a +3 ring mail (worn)
 P - a +0 troll leather armour
 Q - a +2 pair of gloves (worn)
 V - a scarf of resistance (worn)
 Y - the +1 cloak of the End {Dex+3}
   (You found it in a Gauntlet)

   Dex+3:     It affects your dexterity (+3).
Magical Staves
 t - a staff of alchemy
Jewellery
 j - a ring of positive energy (left hand)
 E - a +5 ring of evasion
 F - a ring of protection from fire
 N - an amulet of reflection (around neck)
 S - a +6 ring of dexterity
 U - a +4 ring of protection (right hand)
 W - the ring "Zauq" {Dex+2 SInv}
   (You found it in a Gauntlet)

   [ring of see invisible]

   Dex+2:     It affects your dexterity (+2).
   SInv:      It lets you see invisible.
 X - an amulet of regeneration
 Z - a +6 ring of dexterity
Wands
 v - a wand of paralysis (10)
 w - a wand of flame (38)
 B - a wand of mindburst (1)
 I - a wand of digging (5)
 M - a wand of light (1)
 O - a wand of roots (7)
Scrolls
 e - 4 scrolls of fear
 h - a scroll of enchant weapon
 o - 2 scrolls of brand weapon
 q - 5 scrolls of fog
 r - a scroll of revelation
 s - 2 scrolls of enchant armour
 y - 4 scrolls of immolation
 C - 2 scrolls of teleportation
 G - 2 scrolls of vulnerability {unknown}
 H - 4 scrolls of noise
 K - a scroll of poison
 T - a scroll of blinking {unknown}
Potions
 b - a potion of magic {unknown}
 c - 5 potions of invisibility
 d - 8 potions of might
 f - 7 potions of attraction
 g - 3 potions of brilliance
 l - 3 potions of resistance
 m - 3 potions of heal wounds
 n - a potion of cancellation
 p - 3 potions of mutation
 u - 10 potions of curing
 z - a potion of lignification
 A - 4 potions of haste
 D - 4 potions of enlightenment
Miscellaneous
 J - a tin of tremorstones (2/2)


   Skills:
 + Level 19.1 Fighting
 - Level 0.8 Short Blades
 - Level 2.1 Dodging
 - Level 2.4 Stealth
 + Level 14.9 Spellcasting
 + Level 14.9 Conjurations
 + Level 14.9 Hexes
 + Level 14.9 Summonings
 + Level 14.9 Necromancy
 + Level 14.9 Translocations
 + Level 14.9 Fire Magic
 + Level 14.9 Ice Magic
 + Level 14.9 Air Magic
 + Level 14.9 Earth Magic
 + Level 14.9 Alchemy


You knew the following spells:

 Your Spells              Type           Power      Damage    Failure   Level
a - Ensorcelled Hibernat  Hex/Ice        100%       N/A       1%          2
b - Confusing Touch       Hex            77%        N/A       1%          3
c - Mephitic Cloud        Conj/Alch/Air  77%        N/A       1%          3
d - Dazzling Flash        Conj/Hex       100%       N/A       1%          3
e - Freeze                Ice            100%       1d10      0%          1
f - Static Discharge      Conj/Air       100%       3-8/arc   1%          2
g - Tukima's Dance        Hex            77%        N/A       1%          3
h - Animate Dead          Necr           77%        N/A       1%          4
i - Manifold Assault      Tloc           77%        N/A       1%          4
j - Freezing Cloud        Conj/Ice/Air   38%        6-21      1%          5
k - Sculpt Simulacrum     Ice/Alch       38%        N/A       1%          6
Your spell library was empty.

Dungeon Overview and Level Annotations

Branches:
Dungeon (12/15)            Temple (1/1) D:5            Lair (5/5) D:8
  Swamp (0/4) Lair:3       Spider (0/4) Lair:3        Slime (0/5) Lair:4
    Orc (1/2) D:11          Sewer (visited)         Ossuary (visited)
Gauntlet (visited)

Altars:
Ashenzari
Cheibriados
Dithmenos
Elyvilon
Fedhas
Gozag
Hepliaklqana
Makhleb
Nemelex Xobeh
Okawaru
Qazlal
Ru
Trog
Uskayaw
Wu Jian
Xom
Yredelemnul
Zin
The Shining One
Jiyva

Shops:
D:12 (

Annotations:
Lair:3 2 transporters, Sesiytys's ghost, journeyman HuWn


Innate Abilities, Weirdness & Mutations

You are immune to sickness and miasma.
You are immune to poison.
Your flesh is very heat resistant. (rF++)
You are vulnerable to cold. (rC-)
You float through the air rather than walking.
You learn spells naturally, not from books.
Your magical power is your life essence.
You have superior vitality. (+4 MHP)


Message History

Fire: x) +10 sling of the Illusory Realms {heavy, Will+ Str+5 Int+3 Stlth-}
Press: ? - help, Shift-Dir - straight line, f - troll
Aim: a troll (freezing vapour, severely wounded, 74% to hit)
You shoot a sling bullet.
The sling bullet barely misses the troll.
The troll is engulfed in freezing vapours.
A kobold blastminer comes into view.
Fire: x) +10 sling of the Illusory Realms {heavy, Will+ Str+5 Int+3 Stlth-}
Press: ? - help, Shift-Dir - straight line, f/p - troll
Aim: a troll (almost dead, 74% to hit)
You shoot a sling bullet.
The sling bullet barely misses the troll.
The kobold blastminer shouts!
You hear a shout! x2
The kobold blastminer wields a +0 arbalest.
The kobold blastminer shoots a bolt.
The bolt hits you! The troll bites you!
* * * LOW HITPOINT WARNING * * *
The troll claws you!
* * * LOW HITPOINT WARNING * * *
The troll barely misses you.
The kobold blastminer shoots a bolt.
The bolt barely misses you.
Okay, then.
Unknown command.
Casting: Freezing Cloud (mildly dangerous; 1% risk of failure)
Confirm with . or Enter, or press ? or * to list all spells.
Aiming: Mephitic Cloud (safe; 1% risk of failure)
Press: ? - help, Shift-Dir - straight line, f/p - troll
Aim: a troll (almost dead, chance to affect: 67%)
The ball explodes into a vile cloud!
The stinking cloud engulfs the troll.
The troll is almost dead.
The stinking cloud engulfs you.
* * * LOW HITPOINT WARNING * * *
You hear a shout! x5
The troll is engulfed in noxious fumes.
The troll appears confused.
The troll cries.
The troll misses you. The troll barely misses you. The troll claws you!
* * * LOW HITPOINT WARNING * * *
The kobold blastminer shoots a bolt.
The bolt hits you.
* * * LOW HITPOINT WARNING * * *
The kobold blastminer shoots a bolt.
The bolt hits you!
You die...

*,....)............#,**
**.##)....>......#****
*,.).$..........##
*,...)...........###
**.................##
*##......#.........##
##..#..............#
*..............#..#*
*#............@§..#
**,.#........#§T§..##
*,,,,.........§.§...#
**,,*...#..........##
**,,,,.....$......###
*,,,,,....K§§§.....*
**,,,,,.$.K§§§#....#
***,,,,*..§§.....##**
****,,,..........*,**


You could see 2 kobold blastminers and a troll (confused).

Vanquished Creatures
  An eleionoma (Lair:3)
  A minotaur (Gauntlet)
  3 hydras
  Erica (D:10)
  5 catoblepae
  A boulder beetle (Lair:5)
  3 two-headed ogres
  23 death yaks
  A skyshark (Lair:3)
  3 skeletal warriors
  Pikel (D:5)
  3 deep elf pyromancers
  4 oklob plants (Lair:1)
  Maurice (D:10)
  3 manticores
  A moth of wrath (Gauntlet)
  12 elephants
  4 black mambas
  A torpor snail (Lair:4)
  14 cane toads
  A gargoyle (D:7)
  A hellion (Gauntlet)
  5 rime drakes
  An unseen horror (D:10)
  4 kobold demonologists (D:12)
  Maggie (Lair:2)
  13 komodo dragons
  6 trolls
  Grinder (D:5)
  3 polar bears
  3 blink frogs (Lair:5)
  Sigmund (D:5)
  2 culicivoras (Lair:3)
  5 jumping spiders (Lair:3)
  A vampire (D:11)
  2 wraiths
  A water elemental (D:11)
  2 shadows (D:11)
  6 wyverns
  56 yaks
  4 basilisks
  A neqoxec (Gauntlet)
  A redback (Lair:3)
  3 chaos spawn (Gauntlet)
  17 water moccasins
  A hell hound (Gauntlet)
  8 orc warriors
  2 ice beasts
  2 black bears
  An ogre (D:4)
  26 wolves
  3 centaurs
  3 lemures
  6 kobold brigands
  2 scorpions
  2 brain worms (Sewer)
  A gnoll sergeant (D:9)
  18 bullfrogs
  9 wights
  9 killer bees
  6 electric eels
  8 howler monkeys
  2 bombardier beetles
  7 hounds
  A jelly (D:6)
  17 orc priests
  4 iguanas
  A sleepcap (D:4)
  20 orc wizards
  8 mummies (Ossuary)
  9 gnolls
  15 adders
  3 river rats (Sewer)
  A shadow imp (D:7)
  A white imp (D:4)
  2 ufetubi (D:6)
  2 ribbon worms
  3 dart slugs
  38 orcs
  2 endoplasms (D:2)
  5 giant cockroaches
  6 goblins
  4 hobgoblins
  11 jackals
  8 quokkas
  3 ball pythons
  4 bats
  7 frilled lizards
  4 hobgoblin zombies (Ossuary)
  24 kobolds
  2 kobold zombies (Ossuary)
  2 orc zombies (Ossuary)
  5 rats
555 creatures vanquished.

Vanquished Creatures (collateral kills)
  2 skeletal warriors (D:11)
  An orc (D:4)
3 creatures vanquished.

Vanquished Creatures (others)
  A dancing weapon (D:11)
  An orc (Orc:1)
2 creatures vanquished.

Grand Total: 560 creatures vanquished

Notes
Turn   | Place    | Note
-------+----------+-------------------------------------------
     0 | D:1      | cforsyth the Djinni Enchanter began the quest for the Orb.
     0 | D:1      | cforsyth set off with the following spells memorised:
                  | Ensorcelled Hibernation, Confusing Touch, Tukima's Dance,
                  | Dazzling Flash.
     0 | D:1      | Reached XP level 1. HP: 15/15 MP: 0/0
   442 | D:1      | Reached XP level 2. HP: 22/22 MP: 0/0
   708 | D:2      | Reached skill level 1 in Fighting
   787 | D:2      | Reached XP level 3. HP: 27/27 MP: 0/0
   787 | D:2      | Learned a level 1 spell: Freeze
   991 | D:2      | Reached skill level 2 in Fighting
  1063 | D:2      | Reached XP level 4. HP: 33/33 MP: 0/0
  1346 | D:3      | Found a hide-covered altar of Uskayaw.
  1418 | D:3      | Noticed a scorpion
  1427 | D:3      | Killed a scorpion
  1428 | D:3      | Reached skill level 3 in Fighting
  1428 | D:3      | Reached XP level 5. HP: 23/40 MP: 0/0
  1428 | D:3      | Learned a level 2 spell: Static Discharge
  1462 | D:3      | Found a glowing drain.
  1550 | Sewer    | Entered a sewer
  1704 | Sewer    | Noticed a brain worm
  1710 | Sewer    | Killed a brain worm
  1711 | Sewer    | Reached skill level 4 in Fighting
  1711 | Sewer    | Reached XP level 6. HP: 22/47 MP: 0/0
  2500 | D:3      | Reached XP level 7. HP: 38/53 MP: 0/0
  2500 | D:3      | Learned a level 3 spell: Mephitic Cloud
  2706 | D:4      | Reached skill level 5 in Fighting
  2792 | D:4      | Reached skill level 5 in Spellcasting
  2792 | D:4      | Reached skill level 5 in Conjurations
  2792 | D:4      | Reached skill level 5 in Hexes
  2792 | D:4      | Reached skill level 5 in Summonings
  2792 | D:4      | Reached skill level 5 in Necromancy
  2792 | D:4      | Reached skill level 5 in Translocations
  2792 | D:4      | Reached skill level 5 in Fire Magic
  2792 | D:4      | Reached skill level 5 in Ice Magic
  2792 | D:4      | Reached skill level 5 in Air Magic
  2792 | D:4      | Reached skill level 5 in Earth Magic
  2792 | D:4      | Reached skill level 5 in Alchemy
  2968 | D:4      | Reached XP level 8. HP: 58/61 MP: 0/0
  3230 | D:4      | Reached skill level 6 in Fighting
  3822 | D:5      | Entered Level 5 of the Dungeon
  3829 | D:5      | Identified the +10 sling of the Illusory Realms {heavy,
                  | Will+ Str+5 Int+3 Stlth-}
  3847 | D:5      | Noticed Pikel
  4034 | D:5      | Noticed Grinder
  4049 | D:5      | Paralysed by Grinder for 3 turns
  4487 | D:5      | Noticed Sigmund
  4572 | D:5      | Found a staircase to the Ecumenical Temple.
  4589 | D:5      | Killed Pikel
  4590 | D:5      | Reached skill level 7 in Fighting
  4590 | D:5      | Reached XP level 9. HP: 44/68 MP: 0/0
  4590 | D:5      | Learned a level 4 spell: Animate Dead
  4897 | Temple   | Entered the Ecumenical Temple
  4918 | Temple   | Became a worshipper of Zin the Law-Giver
  4918 | Temple   | Reached * piety under Zin
  4932 | Temple   | Reached skill level 8 in Fighting
  5050 | D:5      | Killed Sigmund
  5065 | D:5      | Paralysed by Grinder for 5 turns
  5080 | D:5      | Killed Grinder
  5586 | D:5      | Reached ** piety under Zin
  5752 | D:6      | Reached skill level 9 in Fighting
  5815 | D:6      | Found a hazy altar of Hepliaklqana.
  5953 | D:6      | Found a sand-covered staircase.
  5958 | Ossuary  | Entered an ossuary
  6158 | Ossuary  | Reached XP level 10. HP: 78/78 MP: 0/0
  6178 | Ossuary  | Reached *** piety under Zin
  6190 | Ossuary  | Reached **** piety under Zin
  6253 | Ossuary  | Reached ***** piety under Zin
  6770 | D:7      | Reached skill level 10 in Fighting
  6976 | D:7      | Noticed a two-headed ogre
  7292 | D:7      | Killed a two-headed ogre
  7479 | D:7      | Noticed a gargoyle
  7911 | D:7      | Killed a gargoyle
  8327 | D:8      | Reached skill level 11 in Fighting
  8536 | D:8      | Found an opulent altar of Gozag.
  8538 | D:8      | Found a bloodstained altar of Trog.
  8538 | D:8      | Found a white marble altar of Elyvilon.
  8540 | D:8      | Found a sacrificial altar of Ru.
  8540 | D:8      | Found an iron altar of Okawaru.
  8541 | D:8      | Found a basalt altar of Yredelemnul.
  8582 | D:8      | Reached XP level 11. HP: 18/87 MP: 0/0
  8582 | D:8      | Learned a level 4 spell: Manifold Assault
  9008 | D:8      | Noticed a deep elf pyromancer
  9012 | D:8      | Killed a deep elf pyromancer
  9048 | D:8      | Found a burning altar of Makhleb.
  9412 | D:8      | Found a staircase to the Lair.
  9669 | D:8      | Found a blossoming altar of Fedhas.
 10118 | D:9      | Reached skill level 12 in Fighting
 10617 | D:10     | Entered Level 10 of the Dungeon
 10667 | D:10     | Noticed Maurice
 10682 | D:10     | Killed Maurice
 10829 | D:10     | Noticed Erica
 10836 | D:10     | Killed Erica
 10837 | D:10     | Reached skill level 10 in Spellcasting
 10837 | D:10     | Reached skill level 10 in Conjurations
 10837 | D:10     | Reached skill level 10 in Hexes
 10837 | D:10     | Reached skill level 10 in Summonings
 10837 | D:10     | Reached skill level 10 in Necromancy
 10837 | D:10     | Reached skill level 10 in Translocations
 10837 | D:10     | Reached skill level 10 in Fire Magic
 10837 | D:10     | Reached skill level 10 in Ice Magic
 10837 | D:10     | Reached skill level 10 in Air Magic
 10837 | D:10     | Reached skill level 10 in Earth Magic
 10837 | D:10     | Reached skill level 10 in Alchemy
 11610 | D:11     | Noticed a manticore
 11620 | D:11     | Killed a manticore
 11621 | D:11     | Reached skill level 13 in Fighting
 11694 | D:11     | Reached XP level 12. HP: 24/98 MP: 0/0
 12011 | D:11     | Noticed a skeletal warrior
 12013 | D:11     | Noticed a skeletal warrior
 12025 | D:11     | Killed a skeletal warrior
 12106 | D:11     | Found a staircase to the Orcish Mines.
 12117 | D:11     | Noticed a skeletal warrior
 12132 | D:11     | Noticed a skeletal warrior
 12133 | D:11     | Noticed a skeletal warrior
 12958 | D:10     | Found a snail-covered altar of Cheibriados.
 13050 | D:10     | Noticed a two-headed ogre
 13058 | D:10     | Killed a two-headed ogre
 13106 | D:10     | Reached ****** piety under Zin
 13490 | Lair:1   | Entered Level 1 of the Lair of Beasts
 14205 | Lair:1   | Reached skill level 14 in Fighting
 17004 | Lair:2   | Noticed a death yak
 17004 | Lair:2   | Noticed a death yak
 17004 | Lair:2   | Noticed a death yak
 17004 | Lair:2   | Noticed a death yak
 17005 | Lair:2   | Noticed a death yak
 17005 | Lair:2   | Noticed a death yak
 17016 | Lair:1   | Killed a death yak
 17372 | Lair:2   | Noticed Maggie
 18462 | Lair:1   | Reached XP level 13. HP: 106/106 MP: 0/0
 18462 | Lair:1   | Learned a level 5 spell: Freezing Cloud
 20879 | Lair:1   | Reached skill level 15 in Fighting
 21135 | Lair:2   | Killed Maggie
 23719 | Lair:3   | Noticed a catoblepas
 23729 | Lair:3   | Killed a catoblepas
 23874 | Lair:3   | Reached skill level 16 in Fighting
 24232 | Lair:3   | Found a staircase to the Swamp.
 24232 | Lair:3   | Noticed an eleionoma
 24243 | Lair:3   | Killed an eleionoma
 24456 | Lair:3   | Noticed a six-headed hydra
 24464 | Lair:3   | Killed a six-headed hydra
 24793 | Lair:3   | Reached XP level 14. HP: 93/117 MP: 0/0
 24963 | Lair:3   | Found a hole to the Spider Nest.
 24976 | Lair:3   | Noticed Sesiytys's ghost (journeyman HuWn)
 24977 | Lair:3   | Found a transporter.
 24980 | Lair:3   | Found a bloodstained altar of Trog.
 25097 | Lair:3   | Found a transporter.
 26164 | Lair:4   | Found a viscous altar of Jiyva.
 26164 | Lair:4   | Found a staircase to the Slime Pits.
 26856 | Lair:4   | Reached skill level 17 in Fighting
 27906 | Lair:5   | Entered Level 5 of the Lair of Beasts
 27955 | Lair:5   | Found a gate leading to a gauntlet.
 27964 | Gauntlet | Entered a Gauntlet
 27964 | Gauntlet | Found a transporter.
 28159 | Gauntlet | Found a transporter.
 28174 | Gauntlet | Found a transporter.
 28179 | Gauntlet | Found a transporter.
 28202 | Gauntlet | Found a transporter.
 28215 | Gauntlet | Found a transporter.
 28227 | Gauntlet | Found a transporter.
 28239 | Gauntlet | Found a transporter.
 28245 | Gauntlet | Found a transporter.
 28245 | Gauntlet | Found a transporter.
 28260 | Gauntlet | Found a transporter.
 28272 | Gauntlet | Found a transporter.
 28289 | Gauntlet | Found a transporter.
 28307 | Gauntlet | Found a transporter.
 28309 | Gauntlet | Found a transporter.
 28334 | Gauntlet | Found a transporter.
 28336 | Gauntlet | Found a transporter.
 28356 | Gauntlet | Found a transporter.
 28836 | Gauntlet | Identified the ring "Zauq" {Dex+2 SInv}
 29427 | Gauntlet | Identified the +1 cloak of the End {Dex+3}
 29454 | Gauntlet | Noticed a minotaur
 29464 | Gauntlet | Killed a minotaur
 33096 | Lair:5   | Reached XP level 15. HP: 68/126 MP: 0/0
 33096 | Lair:5   | Learned a level 6 spell: Sculpt Simulacrum
 33208 | Lair:5   | Reached skill level 18 in Fighting
 37558 | D:12     | Reached skill level 19 in Fighting
 38208 | D:12     | Found Tug Ehio's Weapon Shop.
 38296 | Orc:1    | Entered Level 1 of the Orcish Mines
 38327 | Orc:1    | Shot with a bolt by a kobold blastminer

Illustrated notes

Levels and vault maps discovered:
D:1:      dpeg_arrival_round_a, layout_loops_cross
D:2:      layout_basic
D:3:      layout_rooms, eat_drink_and_be_merry_uskayaw, gup_sewer_entry_pipe,
          minmay_box_of_dots
D:4:      layout_basic, minmay_pentangle
D:5:      layout_loops_cross, minmay_temple_entry_large_hall,
          chequers_serial_rivers_marsh, kennysheep_generic_room_8, uniq_pikel,
          uniq_sigmund, uniq_grinder
D:6:      layout_rooms, nicolae_overflow_hidden_temple,
          nicolae_ossuary_entry_plus
D:7:      nicolae_cairo_tiling, layout_gridville, dreamdust_gnoll_farm
D:8:      layout_rooms, grunt_temple_overflow_open, mainiacjoe_overflow_swirl,
          erik_lair_island
D:9:      layout_cave_pools
D:10:     layout_basic, lemuel_tele_altar, uniq_maurice, uniq_erica
D:11:     layout_long_grid, david_orc_3, serial_bayou, serial_bayou_pond_c,
          serial_bayou_shore_b, serial_bayou_ford_a, serial_bayou_shore_a,
          minmay_quadrilaterals
D:12:     layout_roguey, serial_shops, nicolae_shop_bloodbath_and_beyond
Temple:   hellmonk_temple_micro_hex
Lair:1:   minmay_lair_oklob_chamber, layout_regular_city
Lair:2:   layout_misc_corridors, beast_lair_carwin_11, uniq_maggie
Lair:3:   layout_layer_cave, alex1729_swamp_entry_worm_eleionoma,
          nicolae_spider_entry_tight_spaces, gammafunk_ghost_wrathful_warriors
Lair:4:   layout_cave_pods, slime_entry_1, grunt_megastairs_3
Lair:5:   evilmike_catoblepas_cave, layout_cave_pods, gauntlet_entry_generic,
          chequers_serial_rivers_small_b, serial_bayou_lake_a
Orc:1:    dreamdust_dug_too_deep, layout_caves, portal_ice_cave_entry_imps,
          basic_altar

Skill      XL: |  1  2  3  4  5  6  7  8  9 10 11 12 13 14 15 |
---------------+----------------------------------------------+-----
Spellcasting   | 3 4 5 6 7 9 10 11 12 14 | 14.9
Conjurations   | 3 4 5 6 7 9 10 11 12 14 | 14.9
Hexes          | 3 4 5 6 7 9 10 11 12 14 | 14.9
Summonings     | 3 4 5 6 7 9 10 11 12 14 | 14.9
Necromancy     | 3 4 5 6 7 9 10 11 12 14 | 14.9
Translocations | 3 4 5 6 7 9 10 11 12 14 | 14.9
Fire Magic     | 3 4 5 6 7 9 10 11 12 14 | 14.9
Ice Magic      | 3 4 5 6 7 9 10 11 12 14 | 14.9
Air Magic      | 3 4 5 6 7 9 10 11 12 14 | 14.9
Earth Magic    | 3 4 5 6 7 9 10 11 12 14 | 14.9
Alchemy        | 3 4 5 6 7 9 10 11 12 14 | 14.9
Fighting       | 1 2 3 4 5 7 9 11 13 14 16 17 19 | 19.1
Short Blades   | |  0.8
Dodging        | |  2.1
Stealth        | |  2.4

Action                     |  1- 3 |  4- 6 |  7- 9 | 10-12 | 13-15 || total
---------------------------+-------+-------+-------+-------+-------++-------
  Melee: Dagger            |    62 |       |       |    24 |       ||    86
         Punch             |     1 |       |       |       |       ||     1
         Short sword       |       |    11 |     4 |       |       ||    15
         Sling             |       |       |     2 |     8 |       ||    10
   Fire: Sling             |       |       |    57 |   444 |   405 ||   906
   Cast: Freeze            |    18 |    83 |   150 |    26 |   116 ||   393
         Dazzling Flash    |       |     1 |       |       |     1 ||     2
         Mephitic Cloud    |       |       |    35 |    65 |    80 ||   180
         Confusing Touch   |       |       |     1 |       |       ||     1
         Static Discharge  |       |       |    22 |    74 |    89 ||   185
         Animate Dead      |       |       |     2 |       |       ||     2
         Tukima's Dance    |       |       |       |     5 |     9 ||    14
         Manifold Assault  |       |       |       |    22 |       ||    22
         Freezing Cloud    |       |       |       |       |   151 ||   151
 Invoke: Vitalisation      |       |       |     1 |       |       ||     1
  Evoke: Wand              |       |       |     5 |     2 |     4 ||    11
    Use: Scroll            |       |       |       |     8 |    18 ||    26
         Potion            |       |       |       |     1 |     5 ||     6
   Stab: Sleeping          |     5 |       |       |       |       ||     5
 Armour: Robe              |    27 |     2 |       |       |       ||    29
         Ring mail         |       |    39 |   156 |   466 |   652 ||  1313
  Dodge: Dodged            |    42 |    41 |    97 |   227 |   287 ||   694
  Block: Other             |       |       |       |    41 |    96 ||   137
         Reflection        |       |       |       |       |     1 ||     1

Table legend: (Time is in decaauts)
 A = Elapsed time spent in this place.
 B = Non-inter-level travel time spent in this place.
 C = Inter-level travel time spent in this place.
 D = Time resting spent in this place.
 E = Time spent auto-exploring this place.
 F = Levels seen in this place.
 G = Mean time per level.
                   A        B        C        D        E       F      G
               +--------+--------+--------+--------+--------+-----+--------+
         Total |  39520 |  38465 |   1055 |  15126 |  16818 |  22 | 1796.4 |
       Dungeon |  16221 |  15364 |    857 |   4361 |   8109 |  12 | 1351.8 |
        Temple |    143 |    143 |      0 |    109 |      0 |   1 |  143.0 |
          Lair |  20352 |  20154 |    198 |   9687 |   7677 |   5 | 4070.4 |
  Orcish Mines |     38 |     38 |      0 |      0 |      0 |   1 |   38.0 |
         Sewer |    593 |    593 |      0 |      0 |    470 |   1 |  593.0 |
       Ossuary |    361 |    361 |      0 |    102 |    123 |   1 |  361.0 |
      Gauntlet |   1811 |   1811 |      0 |    867 |    439 |   1 | 1811.0 |
               +--------+--------+--------+--------+--------+-----+--------+

Top non-repeatable levels by time:
  Lair:1: 8602 daAuts
  Lair:4: 4812 daAuts
  Lair:3: 3069 daAuts
  Lair:5: 2775 daAuts
    D:10: 2661 daAuts
     D:8: 2235 daAuts
    D:11: 2152 daAuts
Gauntlet: 1811 daAuts
     D:4: 1713 daAuts
     D:7: 1633 daAuts
     D:5: 1258 daAuts
  Lair:2: 1092 daAuts
     D:6: 903 daAuts
    D:12: 837 daAuts
     D:9: 773 daAuts
